 Dungeon Crawl Stone Soup version 0.19-a0-1608-g4cf22de (webtiles) character file.

196 Amnesiac the Twirler (level 5, -4/39 HPs)
             Began as a Mummy Gladiator on Sept 18, 2016.
             Was an Initiate of Gozag.
             Slain by a bullfrog (5 damage)
             ... on level 4 of the Dungeon.
             The game lasted 00:03:22 (2747 turns).

Amnesiac the Twirler (Mummy Gladiator)              Turns: 2747, Time: 00:03:23

Health: -4/39      AC:  6    Str: 18    XL:     5   Next: 46%
Magic:  14/14      EV: 11    Int:  7    God:    Gozag
Gold:   269        SH:  0    Dex: 12    Spells: 0 memorised, 4 levels left

rFire  + . .     SeeInvis .     a - +0 quarterstaff
rCold  + . .     Gourm    .     m - +0 ring mail of Card Tricks {rElec rF++ rN+ Dex-2}
rNeg   + + +     Faith    .     (shield currently unavailable)
rPois  ∞         Spirit   .     c - +0 helmet
rElec  +         Dismiss  .     (no cloak)
rCorr  .         Reflect  .     (no gloves)
MR     +....     Harm     .     (no boots)
Stlth  +.........               h - amulet of regeneration
                                q - ring of magical power
                                p - ring of protection from magic

@: gold aura
A: no food or potions, fire vulnerability, cold resistance 1, negative energy
resistance 3, torment resistance, unbreathing
a: Potion Petition, Call Merchant, Bribe Branch, Renounce Religion


You were on level 4 of the Dungeon.
You worshipped Gozag.
Gozag was aware of your devotion.
You were not hungry.

You visited 1 branch of the dungeon, and saw 4 of its levels.

You collected 317 gold pieces.
You paid 48 gold pieces to Gozag.

Inventory:

Hand Weapons
 a - a +0 quarterstaff (weapon)
Missiles
 d - 6 throwing nets (quivered)
Armour
 c - a +0 helmet (worn)
 m - the +0 ring mail of Card Tricks (worn) {rElec rF++ rN+ Dex-2}
   (You found it on level 4 of the Dungeon)

   It affects your dexterity (-2).
   It greatly protects you from fire.
   It insulates you from electricity.
   It protects you from negative energy.
Jewellery
 h - an amulet of regeneration (around neck)
 p - a ring of protection from magic (left hand)
 q - a ring of magical power (right hand)
 r - a +2 ring of evasion {unknown}
Scrolls
 b - a scroll of fog {unknown}
 e - a scroll of enchant weapon {unknown}
 f - 6 scrolls of identify {unknown}
 g - 3 scrolls of remove curse {unknown}
 j - a scroll of amnesia {unknown}
 k - 2 scrolls of fear {unknown}
 l - 2 scrolls of teleportation {unknown}
 n - 2 scrolls of magic mapping {unknown}
 o - 2 scrolls of enchant armour {unknown}
Books
 i - a book of Unlife

   Spells                             Type                      Level
   a - Recall                         Summoning/Translocation      3
   b - Animate Dead                   Necromancy                   4
   c - Control Undead                 Necromancy                   4
   d - Cigotuvi's Embrace             Necromancy                   5
   e - Death Channel                  Necromancy                   6
   f - Simulacrum                     Ice/Necromancy               6


   Skills:
 + Level 2.4 Fighting
 * Level 5.0 Staves
 - Level 1.5 Throwing
 - Level 2.4 Dodging


You had 4 spell levels left.
You didn't know any spells.

Dungeon Overview and Level Annotations

Branches:
Dungeon (4/15)
 Temple: D:4-7

Altars:
Cheibriados
Dithmenos
Gozag
Okawaru


Innate Abilities, Weirdness & Mutations

You do not eat or drink.
Your flesh is vulnerable to fire.
You are immune to poison.
Your flesh is cold resistant. (rC+)
You are immune to negative energy. (rN+++)
You are immune to unholy pain and torment.
You can survive without breathing.


Message History

The bullfrog hits you but does no damage.
You thump the bullfrog!
The bullfrog is heavily wounded.
The bullfrog hits you.
* * * LOW HITPOINT WARNING * * *
The bullfrog hits you!
* * * LOW HITPOINT WARNING * * *
You closely miss the bullfrog.
The bullfrog is heavily wounded.
The bullfrog is distracted by the nearby gold.
Unknown command.
You miss the bullfrog.
The bullfrog is no longer distracted by gold.
The bullfrog gives a loud, deep croak!
The bullfrog is heavily wounded.
The bullfrog hits you.
* * * LOW HITPOINT WARNING * * *
The bullfrog hits you.
You die...
Your body crumbles into a pile of gold.

##...##. ##.###.#.
##########.## ##..
#..........# #..
#.###.####.#####..
#.# #.......#.#..#
#.# #.######.#..##
#.# #.# ##.###..#
#@# #.# #.## ##..
#F# #.# ##<###.#.
#o# #.#####..#..#.
#g# #.......<.....
#.# #.#####.....##
#.# ... ##...##
#.# ##.#### #..
#..... #.. ######


You could see a bullfrog, a gnoll and an orc.

Vanquished Creatures
  An orc wizard (D:3)
  A mummy (D:4)
  2 adders (D:3)
  6 gnolls
  A shadow imp (D:4)
  A worm (D:4)
  3 dart slugs
  2 leopard geckos
  2 orcs (D:3)
  4 giant cockroaches
  4 hobgoblins
  9 jackals
  2 ball pythons (D:4)
  7 bats
  4 frilled lizards
  4 goblins (D:1)
  4 kobolds
  5 rats
62 creatures vanquished.

Notes
Turn   | Place    | Note
-------+----------+-------------------------------------------
     0 | D:1      | Amnesiac the Mummy Gladiator began the quest for the Orb.
     0 | D:1      | Reached XP level 1. HP: 16/16 MP: 1/1
   196 | D:2      | Reached XP level 2. HP: 22/22 MP: 2/2
   231 | D:2      | Reached skill level 3 in Staves
   378 | D:3      | Reached XP level 3. HP: 27/27 MP: 3/3
   552 | D:4      | Noticed an ogre
   566 | D:3      | Reached skill level 4 in Staves
   566 | D:3      | Reached XP level 4. HP: 33/33 MP: 4/4
   970 | D:4      | Found a shadowy altar of Dithmenos.
  1030 | D:4      | Got an ancient ring mail
  1041 | D:4      | Identified the +0 ring mail of Card Tricks {rElec rF++ rN+ Dex-2} (You found it on level 4 of the Dungeon)
  1085 | D:4      | Found a snail-covered altar of Cheibriados.
  1155 | D:4      | Found an iron altar of Okawaru.
  1173 | D:4      | Found an opulent altar of Gozag.
  1179 | D:4      | Became a worshipper of Gozag Ym Sagoz the Greedy
  1941 | D:2      | Reached XP level 5. HP: 33/38 MP: 5/5
  2743 | D:4      | Reached skill level 5 in Staves
  2747 | D:4      | HP: 1/39 [bullfrog (2)]
  2747 | D:4      | Slain by a bullfrog

Vault maps used:
D:1:      dpeg_arrival_three_same_balls
D:2:      first_bread, item_on_display_a
D:4:      grunt_gozag_statues, grunt_dithmenos_shadows, okawaru_metal_pillars_3,
          chei_slow_surprise

Skill      XL: |  1  2  3  4  5 |
---------------+----------------+-----
Staves         | 3 4 5 |  5.0
Fighting       | |  2.4
Throwing       | |  1.5
Dodging        | |  2.4

Action                   |  1- 3 |  4- 6 || total
-------------------------+-------+-------++-------
Melee: Quarterstaff      |    69 |   137 ||   206
Armor: Leather armour    |    17 |    16 ||    33
       Ring mail         |       |    18 ||    18
Dodge: Dodged            |    64 |    77 ||   141
